 Dungeon Crawl Stone Soup version 0.28.0-45-g0d030f2227 (webtiles) character file.

Game seed: 11106019067242966851

7132 oldmanjim the Fighter (level 11, 0/120 HPs)
             Began as an Ogre Hunter on Apr 11, 2022.
             Was a Follower of Sif Muna.
             Slain by an orc
             ... wielding a +0 flail
              (7 damage)
             ... on level 9 of the Dungeon on Apr 16, 2022.
             The game lasted 01:48:26 (11925 turns).

oldmanjim the Fighter (Ogre Hunter)                Turns: 11925, Time: 01:48:26

Health: 0/120      AC:  4    Str: 18    XL:     11   Next: 10%
Magic:  8/18       EV: 14    Int: 16    God:    Sif Muna [*.....]
Gold:   371        SH:  0    Dex:  9    Spells: 12/20 levels left

rFire   . . .      SeeInvis .   a - +1 dagger (venom)
rCold   . . .      Faith    .   (no shield)
rNeg    . . .      Spirit   .   b - +1 robe
rPois   +          Reflect  .   (helmet restricted)
rElec   .          Harm     .   (no cloak)
rCorr   .          Rampage  .   (gloves unavailable)
Will    +....                   (boots unavailable)
Stlth   +.........              s - amulet of regeneration
HPRegen 1.10/turn               k - ring of poison resistance
MPRegen 0.16/turn               x - +4 ring of evasion

@: brilliant, about to teleport
A: large, unfitting armour, tough skin 1
a: Renounce Religion, Channel Magic


You were on level 9 of the Dungeon.
You worshipped Sif Muna.
Sif Muna was aware of your devotion.
You visited 2 branches of the dungeon, and saw 10 of its levels.
You also visited: Sewer.

You collected 464 gold pieces.
You spent 93 gold pieces at shops.

Inventory:

Hand Weapons
 a - a +1 dagger of venom (weapon)
 i - a +0 dagger of freezing
 l - a +1 vorpal dagger
Missiles
 c - 7 large rocks (quivered)
 d - 4 throwing nets
 o - 16 poisoned darts
 C - 3 atropa-tipped darts
Armour
 b - a +1 robe (worn)
Magical Staves
 F - a staff of earth
Jewellery
 e - a ring of willpower
 k - a ring of poison resistance (left hand)
 m - a ring of flight
 s - an amulet of regeneration (around neck)
 x - a +4 ring of evasion (right hand)
Wands
 p - a wand of iceblast (10)
 y - a wand of acid (2)
Scrolls
 j - a scroll of blinking {unknown}
 t - a scroll of teleportation
 w - a scroll of amnesia {unknown}
Potions
 f - a potion of heal wounds
 g - 5 potions of mutation
 h - 5 potions of curing
 n - 3 potions of resistance
 q - a potion of haste
 r - a potion of cancellation
 u - a potion of lignification {unknown}
 v - 3 potions of flight
 z - a potion of magic {unknown}
 A - a potion of ambrosia {unknown}
 B - 3 potions of brilliance
 D - a potion of might
 E - a potion of berserk rage {unknown}


   Skills:
 + Level 11.0 Fighting
 - Level 7.0 Throwing
 - Level 5.0 Dodging
 - Level 0.6 Stealth
 - Level 4.0 Unarmed Combat
 + Level 5.0 Spellcasting
 - Level 6.0 Conjurations
 + Level 6.0 Fire Magic
 - Level 5.0 Invocations


You had 12 spell levels left.
You knew the following spells:

 Your Spells              Type           Power      Damage    Failure   Level
a - Foxfire               Conj/Fire      100%       2x1d9     1%          1
b - Conjure Flame         Conj/Fire      34%        6-21      3%          3
c - Sticky Flame          Conj/Fire      34%        2d5       13%         4

Your spell library contained the following spells:

 Spells                   Type           Power      Damage    Failure   Level
 Static Discharge         Conj/Air       20%        N/A       7%          2
 Inner Flame              Hex/Fire       20%        N/A       13%         3
 Stone Arrow              Conj/Erth      40%        3d9       13%         3
 Flame Wave               Conj/Fire      34%        2d8       13%         4
 Sandblast                Erth           12%        2d6       16%         1
 Slow                     Hex            24%        N/A       16%         1
 Summon Small Mammal      Summ           24%        N/A       16%         1
 Passwall                 Tmut/Erth      5%         N/A       22%         2
 Call Canine Familiar     Summ           6%         N/A       41%         3
 Confusing Touch          Hex            6%         N/A       41%         3
 Portal Projectile        Hex/Tloc       12%        N/A       41%         3
 Summon Guardian Golem    Hex/Summ       6%         N/A       41%         3
 Vampiric Draining        Necr           6%         2d6       41%         3
 Dispel Undead            Necr           6%         3d8       83%         4
 Leda's Liquefaction      Hex/Erth       3%         N/A       83%         4


Dungeon Overview and Level Annotations

Branches:
Dungeon (9/15)             Temple (1/1) D:7           Sewer (visited)
   Lair: D:8-11         Orc: D:9-12

Altars:
Dithmenos
Elyvilon
Fedhas
Gozag
Hepliaklqana
Makhleb
Nemelex Xobeh
Ru
Sif Muna
Trog
Uskayaw
Wu Jian
Xom
Yredelemnul
Zin
The Shining One

Shops:
D:6 *   D:7 [

Annotations:
D:2 1 runed translucent door, exclusion: door, Crazy Yiuf
D:9 3 runed translucent doors, Maurice


Innate Abilities, Weirdness & Mutations

You are too large for most types of armour.
You have tough skin. (AC +1)


Message History

The wyvern completely misses you. The killer bee barely misses you.
The killer bee completely misses you.
You closely miss the wyvern. The killer bee barely misses you.
The killer bee stings you. The wyvern closely misses you.
The killer bee barely misses you. x2; The wyvern bites you!
You hit the wyvern but do no damage.
The wyvern is poisoned.
The killer bee barely misses you. The killer bee stings you.
The wyvern bites you!
The killer bee stings you but does no damage.
The killer bee completely misses you.
As you read the scroll of teleportation, it crumbles to dust.
You feel strangely unstable. The killer bee completely misses you.
The killer bee closely misses you. The wyvern barely misses you.
Maurice casts a spell.
Maurice flickers and vanishes!
Deactivating autopickup; reactivate with Ctrl-A.
The killer bee misses you. The killer bee barely misses you.
The wyvern bites you!!
* * * LOW HITPOINT WARNING * * *
You feel clever all of a sudden. The killer bee barely misses you.
The killer bee stings you.
* * * LOW HITPOINT WARNING * * *
The wyvern bites you!
* * * LOW HITPOINT WARNING * * *
The killer bee misses you. The killer bee stings you.
* * * LOW HITPOINT WARNING * * *
Casting: Foxfire (safe; 1% risk of failure)
Confirm with . or Enter, or press ? or * to list all spells.
Aiming: Sticky Flame (dangerous; 13% risk of failure)
Press: ? - help, Shift-Dir - straight line, f - killer bee
Aim: a killer bee (100% to hit)
You feel a surge of power!
The sticky flame hits the killer bee.
The killer bee is moderately wounded.
The killer bee is covered in liquid flames!
The killer bee burns!
The killer bee completely misses you. The killer bee misses you.
The wyvern closely misses you. The killer bee stings you.
* * * LOW HITPOINT WARNING * * *
The orc hits you with a +0 flail!
You die...

...####
#.##.)###........
##....#
#####........##..
#..###
##........#..
##.# ##.........#
#.# ##)....##..
#.# #.........
#.# #yy)..#...
### #yyy......
#+++ #@#.......
... ##lo...#...
... ##.o......##
.. #.......### #.
##.......#
##.##.......##
##..........##
#...........#
....
#.#o........# .o.


You could see a wyvern (poisoned), 5 killer bees and 2 orcs.

Vanquished Creatures
  A two-headed ogre (D:8)
  Pikel (D:6)
  A deep elf pyromancer (D:8)
  A cyclops (D:7)
  A manticore (D:8)
  Joseph (D:7)
  A komodo dragon (D:8)
  Sigmund (D:5)
  A wraith (D:7)
  Eustachio (D:5)
  Edmund (D:5)
  A water moccasin (D:7)
  5 orc warriors
  A sky beast (D:6)
  3 black bears
  3 necrophages
  2 ogres
  7 centaurs
  2 lemures
  A kobold brigand (D:3)
  4 bullfrogs
  A wyvern zombie (D:7)
  A scorpion (D:4)
  2 water moccasin skeletons
  3 killer bees (D:8)
  An electric eel (D:8)
  2 centaur zombies
  2 bullfrog zombies
  A jelly (D:7)
  5 orc priests
  2 hounds
  3 centaur skeletons
  2 iguanas
  2 bullfrog skeletons (D:5)
  2 gnoll shamans
  6 orc wizards
  A hell rat (Sewer)
  2 killer bee zombies
  A hound skeleton (D:5)
  4 hound zombies (D:5)
  A howler monkey skeleton (D:7)
  4 adders
  9 gnolls
  2 river rats (Sewer)
  A white imp (D:5)
  3 ufetubi
  2 adder skeletons
  4 worms
  A dart slug (D:1)
  23 orcs
  6 ball pythons
  3 endoplasms
  12 goblins
  6 hobgoblins
  2 jackals (D:2)
  17 kobolds
  2 quokkas
  7 bats
  5 frilled lizards
  8 rats
201 creatures vanquished.

Vanquished Creatures (collateral kills)
  A foxfire (D:8)
1 creature vanquished.

Vanquished Creatures (others)
  An ufetubus (D:5)
  133 foxfires
  4 plants (D:8)
  2 withered plants (D:5)
140 creatures vanquished.

Grand Total: 342 creatures vanquished

Notes
Turn   | Place    | Note
-------+----------+-------------------------------------------
     0 | D:1      | oldmanjim the Ogre Hunter began the quest for the Orb.
     0 | D:1      | Reached XP level 1. HP: 22/22 MP: 1/1
   194 | D:1      | Reached skill level 3 in Fighting
   523 | D:1      | Reached XP level 2. HP: 8/31 MP: 2/2
   892 | D:1      | Reached skill level 4 in Fighting
  1339 | D:2      | Reached XP level 3. HP: 40/40 MP: 3/3
  1409 | D:2      | You fall into a shaft and drop 1 floor!
  1701 | D:3      | Reached skill level 1 in Spellcasting
  2056 | D:2      | Reached XP level 4. HP: 32/49 MP: 5/5
  2361 | D:2      | Found a runed translucent door.
  2362 | D:2      | Noticed Crazy Yiuf
  3461 | D:3      | Reached skill level 1 in Unarmed Combat
  3589 | D:3      | Noticed a kobold brigand
  3621 | D:3      | Killed a kobold brigand
  3622 | D:3      | Reached skill level 5 in Fighting
  3622 | D:3      | Reached XP level 5. HP: 23/57 MP: 6/8
  3660 | D:3      | Noticed a kobold brigand
  4340 | D:3      | Reached XP level 6. HP: 43/66 MP: 9/9
  4784 | D:4      | Learned a level 1 spell: Foxfire
  4797 | D:4      | Found a glowing drain.
  4822 | Sewer    | Entered a sewer
  5111 | D:4      | Noticed a necrophage
  5115 | D:4      | Killed a necrophage
  5116 | D:4      | Reached skill level 5 in Throwing
  5469 | D:4      | Reached skill level 6 in Fighting
  5469 | D:4      | Reached skill level 1 in Fire Magic
  5469 | D:4      | Reached XP level 7. HP: 52/73 MP: 11/11
  6348 | D:5      | Entered Level 5 of the Dungeon
  6688 | D:5      | Noticed Sigmund
  6973 | D:5      | Reached XP level 8. HP: 84/84 MP: 13/13
  6986 | D:5      | Killed Sigmund
  7027 | D:5      | Reached skill level 7 in Fighting
  7120 | D:5      | Reached skill level 1 in Conjurations
  7245 | D:5      | Noticed Edmund
  7248 | D:5      | Killed Edmund
  7433 | D:5      | Reached skill level 8 in Fighting
  7571 | D:5      | Noticed Eustachio
  7603 | D:5      | Killed Eustachio
  7604 | D:5      | Reached XP level 9. HP: 38/96 MP: 15/15
  8050 | D:6      | Noticed Pikel
  8070 | D:6      | Killed Pikel
  8396 | D:6      | Reached skill level 5 in Spellcasting
  8595 | D:6      | Found Ketoen's General Store.
  8603 | D:6      | Bought a scroll of identify for 24 gold pieces
  8603 | D:6      | Bought 3 atropa-tipped darts for 21 gold pieces
  8603 | D:6      | Bought a potion of might for 48 gold pieces
  9198 | D:7      | Reached skill level 9 in Fighting
  9284 | D:7      | Reached skill level 5 in Fire Magic
  9317 | D:7      | Learned a level 3 spell: Conjure Flame
  9438 | D:7      | Found Qeceucink's Armour Boutique.
  9512 | D:7      | Reached XP level 10. HP: 79/104 MP: 17/17
  9601 | D:7      | Noticed a cyclops
  9615 | D:7      | Noticed Joseph
  9791 | D:7      | Killed Joseph
 10002 | D:7      | Found a staircase to the Ecumenical Temple.
 10011 | Temple   | Entered the Ecumenical Temple
 10076 | Temple   | Became a worshipper of Sif Muna the Loreminder
 10208 | D:7      | Killed a cyclops
 10516 | D:8      | Noticed a two-headed ogre
 10530 | D:8      | Killed a two-headed ogre
 10531 | D:8      | Reached skill level 10 in Fighting
 10531 | D:8      | Reached skill level 5 in Conjurations
 10688 | D:8      | Learned a level 4 spell: Sticky Flame
 10975 | D:8      | Noticed a deep elf pyromancer
 10994 | D:8      | Killed a deep elf pyromancer
 11104 | D:8      | Noticed a manticore
 11364 | D:8      | Found a hazy altar of Hepliaklqana.
 11453 | D:8      | Killed a manticore
 11556 | D:8      | Reached skill level 5 in Dodging
 11556 | D:8      | Reached XP level 11. HP: 87/119 MP: 18/18
 11774 | D:9      | Reached * piety under Sif Muna
 11775 | D:9      | Reached skill level 11 in Fighting
 11889 | D:9      | Reached skill level 5 in Invocations
 11906 | D:9      | Found a runed translucent gate.
 11906 | D:9      | Found a runed translucent gate.
 11906 | D:9      | Found a runed translucent gate.
 11910 | D:9      | Noticed Maurice
 11925 | D:9      | Slain by an orc

Illustrated notes

Levels and vault maps discovered:
D:1:      ebering_trefoil_twist, layout_basic
D:2:      layout_rooms, minivault_5, roderic_roman_lattice,
          lemuel_another_geyser, uniq_crazy_yiuf_cottage
D:3:      cheibrodos_thug_alley, layout_basic
D:4:      layout_loops_corners, cheibrodos_sewer_entry_bend
D:5:      layout_cave_pools, serial_undead, serial_undead_a, serial_undead_e,
          serial_undead_b, serial_undead_c, serial_undead_d, serial_undead_a,
          minmay_chambers_of_fives, uniq_eustachio, uniq_edmund, uniq_sigmund
D:6:      layout_loops_ring, serial_shops, shop, uniq_pikel
D:7:      layout_cave_pools, minmay_temple_entry_overgrown, serial_shops, shop,
          kennysheep_generic_room_11, uniq_joseph
D:8:      layout_basic, lemuel_coloured_pillars_altar, serial_bayou_ford_a,
          minmay_diamond_spiral
D:9:      layout_rooms, kennysheep_mini, nicolae_overflow_hidden_temple,
          orc_david_3, enter_bailey_2, gammafunk_ghost_cemetery, uniq_maurice
Temple:   eino_wide_crystal_templ

Skill      XL: |  1  2  3  4  5  6  7  8  9 10 11 |
---------------+----------------------------------+-----
Fighting       | 3 4 5 6 8 9 10 11 | 11.0
Spellcasting   | 1 2 3 4 5 |  5.0
Unarmed Combat | 1 2 3 4 |  4.0
Throwing       | 5 6 7 |  7.0
Fire Magic     | 1 2 4 5 6 |  6.0
Conjurations   | 2 4 6 |  6.0
Dodging        | 2 3 5 |  5.0
Invocations    | 3 5 |  5.0
Stealth        | |  0.6

Action                   |  1- 3 |  4- 6 |  7- 9 | 10-12 || total
-------------------------+-------+-------+-------+-------++-------
Melee: Dagger            |   108 |   114 |   264 |   160 ||   646
       Short sword       |     6 |       |       |       ||     6
       Punch             |       |       |    18 |     8 ||    26
       Unarmed           |       |       |   144 |    12 ||   156
Throw: Large rock        |     8 |     4 |    14 |    14 ||    40
       Dart              |    47 |    27 |    26 |     6 ||   106
       Throwing net      |       |       |     1 |       ||     1
 Cast: Foxfire           |       |     4 |    38 |    43 ||    85
       Conjure Flame     |       |       |     4 |     2 ||     6
       Sticky Flame      |       |       |       |    10 ||    10
Evoke: Wand              |       |       |       |     3 ||     3
  Use: Scroll            |       |    10 |     8 |     3 ||    21
       Potion            |       |       |       |     4 ||     4
 Stab: Sleeping          |     2 |     3 |       |       ||     5
       Distracted        |       |     1 |     1 |       ||     2
Armor: Robe              |    44 |    26 |   168 |    38 ||   276
Dodge: Dodged            |    70 |    51 |   466 |   183 ||   770
